 Dungeon Crawl Stone Soup version 0.28-a0-1518-gbe868bca14 (webtiles) character file.

Game seed: 6590125671566598636

704 fragbeetle the Insei (level 7, -2/57 HPs)
             Began as a Pale Draconian Transmuter on Jan 16, 2022.
             Slain by a vampire (8 damage)
             ... on level 5 of the Dungeon.
             The game lasted 00:07:47 (3241 turns).

fragbeetle the Insei (Pale Draconian Transmuter)    Turns: 3241, Time: 00:07:48

Health: -2/57      AC:  6    Str: 13    XL:     7   Next: 39%
Magic:  2/10       EV: 12    Int: 13    God:
Gold:   119        SH:  0    Dex: 13    Spells: 2/10 levels left

rFire   . . .      SeeInvis .     - Unarmed
rCold   . . .      Faith    .   (no shield)
rNeg    . . .      Spirit   .   (armour unavailable)
rPois   .          Reflect  .   (helmet currently unavailable)
rElec   .          Harm     .   (no cloak)
rCorr   .          Rampage  .   (no gloves)
Will    .....                   (boots currently unavailable)
Stlth   +.........              (no amulet)
HPRegen 0.19/turn               (no ring)
MPRegen 0.12/turn               (no ring)

@: appendages, very slightly contaminated
A: horns 2, talons 2, breathe steam, AC +6, unfitting armour, cold-blooded,
steam resistance
a: Breathe Steam, End Transformation


You were on level 5 of the Dungeon.
You had temporarily grown beastly horns and talons.
You visited 1 branch of the dungeon, and saw 6 of its levels.

You collected 119 gold pieces.

Inventory:

Hand Weapons
 a - a +0 hunting sling
Missiles
 c - 54 stones
 n - 17 sling bullets
Armour
 b - a +1 pair of boots (melded)
 d - an orb of light
 e - the +5 tower shield "Faemn" {MP+9}
   (You found it on level 2 of the Dungeon)

   MP:        It affects your magic capacity (+9).
Jewellery
 q - a +6 ring of dexterity
Scrolls
 g - a scroll of vulnerability {unknown}
 h - 2 scrolls of teleportation {unknown}
 j - a scroll of summoning {unknown}
 k - 2 scrolls of identify {unknown}
 m - a scroll of magic mapping {unknown}
 o - a scroll of fog {unknown}
Potions
 f - 3 potions of heal wounds {unknown}
 i - 7 potions of curing {unknown}
 l - 2 potions of ambrosia {unknown}
 p - 2 potions of berserk rage {unknown}


   Skills:
 + Level 3.1 Fighting
 + Level 3.0 Dodging
 * Level 5.1 Unarmed Combat
 + Level 2.4 Spellcasting
 + Level 4.2 Transmutations
 * Level 2.3 Ice Magic
 + Level 2.4 Poison Magic


You had 2 spell levels left.
You knew the following spells:

 Your Spells              Type           Power      Damage    Failure   Level
a - Beastly Appendage     Tmut           24%        N/A       4%          1
b - Spider Form           Tmut/Pois      10%        N/A       19%         3
c - Ice Form              Ice/Tmut       10%        N/A       54%         4

Your spell library contained the following spells:

 Spells                   Type           Power      Damage    Failure   Level
 Wereblood                Tmut           12%        N/A       6%          2
 Freeze                   Ice            28%        1d5       10%         1
 Static Discharge         Conj/Air       1%         N/A       36%         2
 Frozen Ramparts          Ice            14%        1d3       28%         3
 Hailstorm                Conj/Ice       4%         3d4       83%         4
 Dispel Undead            Necr           1%         3d6       94%         4
 Sticky Flame             Conj/Fire      1%         2d3       94%         4


Dungeon Overview and Level Annotations

Branches:
Dungeon (6/15)
 Temple: D:4-7

Altars:
Kikubaaqudgha


Innate Abilities, Weirdness & Mutations

You have temporarily grown beastly horns and talons.
You can breathe blasts of scalding, opaque steam.
Your pale cyan-grey scales are hard. (AC +6)
You cannot fit into any form of body armour.
You are cold-blooded and may be slowed by cold attacks.
You are immune to the effects of steam.


Message History

Your headbutt misses the vampire.
The vampire is lightly damaged.
The vampire hits you! The vampire misses you.
You hit the vampire but do no damage. Your kick misses the vampire.
You headbutt the vampire, but do no damage.
The vampire is lightly damaged.
The vampire hits you. The vampire barely misses you.
Casting: Beastly Appendage (safe; 4% risk of failure)
Confirm with . or Enter, or press ? or * to list all spells.
The spell is quite dangerous to miscast (54% risk of failure)!
Continue anyway?
You miscast Ice Form.
You are very lightly contaminated with residual magic.
You are covered in a thin layer of ice!
The vampire hits you but does no damage.
The vampire closely misses you.
Casting: Ice Form (quite dangerous; 54% risk of failure)
Confirm with . or Enter, or press ? or * to list all spells.
The spell is quite dangerous to miscast (54% risk of failure)!
Continue anyway?
You miscast Ice Form.
You are caught in an explosion of ice and frost!
* * * LOW HITPOINT WARNING * * *
The vampire hits you.
* * * LOW HITPOINT WARNING * * *
The vampire bites you.
* * * LOW HITPOINT WARNING * * *
The vampire draws strength from your injuries!
Press: ? - help, v - describe, . - travel The floor.
Unknown command.
Casting: Ice Form (quite dangerous; 54% risk of failure)
Confirm with . or Enter, or press ? or * to list all spells.
You don't have enough magic to cast this spell.
You hit the vampire. Your kick misses the vampire.
The vampire is lightly damaged.
The vampire hits you.
* * * LOW HITPOINT WARNING * * *
The vampire closely misses you.
You closely miss the vampire. You claw the vampire, but do no damage.
The vampire hits you!
You die...

#...... #......
#...... #......
############.#####
#.....#....#......
#.....#...........
#.....#...........
#@....'.........##
#V....#.........##
#.....#...........
#.....#######.....
..###'## #.....
#.. ...# #...##
... ....'. #...##
.... ...?#..
#...#. ..... ..
#...+.


You could see a vampire.

Vanquished Creatures
  Sigmund (D:2)
  Eustachio (D:6)
  A black bear (D:5)
  An ogre (D:6)
  A centaur (D:5)
  A howler monkey (D:3)
  An iguana (D:5)
  A hound skeleton (D:3)
  2 adders (D:6)
  2 worms
  A dart slug (D:1)
  3 orcs (D:3)
  8 bats
  6 endoplasms
  6 giant cockroaches
  7 hobgoblins
  2 quokkas
  8 ball pythons
  3 frilled lizards
  5 goblins
  2 kobolds
  5 rats
68 creatures vanquished.

Notes
Turn   | Place    | Note
-------+----------+-------------------------------------------
     0 | D:1      | fragbeetle the Draconian Transmuter began the quest for the
                  | Orb.
     0 | D:1      | Reached XP level 1. HP: 16/16 MP: 3/3
   129 | D:1      | Reached XP level 2. HP: 23/23 MP: 3/5
   233 | D:1      | Noticed a golden eye
   335 | D:1      | Noticed a golden eye
   337 | D:1      | Found a faded altar of an unknown god.
   339 | D:1      | Noticed a great orb of eyes
   339 | D:1      | Noticed a floating eye
   479 | D:1      | Reached XP level 3. HP: 21/28 MP: 3/6
   483 | D:1      | Learned a level 3 spell: Spider Form
   849 | D:2      | Identified the +5 tower shield "Faemn" {MP+9}
   939 | D:2      | Noticed Sigmund
   954 | D:2      | Killed Sigmund
   955 | D:2      | Reached skill level 4 in Unarmed Combat
   955 | D:2      | Reached skill level 1 in Poison Magic
   955 | D:2      | Reached XP level 4. HP: 36/36 MP: 4/7
   955 | D:2      | Reached XP level 5. HP: 41/41 MP: 4/8
  1377 | D:2      | Found an ancient bone altar of Kikubaaqudgha.
  1520 | D:3      | Learned a level 4 spell: Ice Form
  2324 | D:3      | Reached XP level 6. HP: 32/50 MP: 7/9
  2509 | D:4      | You fall into a shaft and drop 2 floors!
  2641 | D:6      | Noticed an ice beast
  2698 | D:6      | Noticed Eustachio
  2712 | D:6      | Killed Eustachio
  2713 | D:6      | Reached skill level 1 in Ice Magic
  2741 | D:6      | Your scales start taking on a pale cyan-grey colour.
  2741 | D:6      | Reached XP level 7. HP: 43/56 MP: 8/10
  2741 | D:6      | Gained mutation: You are immune to the effects of steam.
                  | [Pale Draconian growth]
  2756 | D:5      | Entered Level 5 of the Dungeon
  2876 | D:5      | Reached skill level 5 in Unarmed Combat
  3227 | D:5      | Noticed a vampire
  3241 | D:5      | Slain by a vampire

Illustrated notes

Levels and vault maps discovered:
D:1:      scummos_arrival_gate, layout_basic,
          hellmonk_ecumenical_altar_watching_god, minivault_27
D:2:      layout_loops_cross, basic_altar, uniq_sigmund
D:3:      layout_basic
D:4:      layout_rooms, serial_shops,
          nicolae_shop_temple_entry_statues_fountains
D:5:      layout_gridville, minmay_increasing_density
D:6:      layout_loops_corners, kennysheep_slug_shrine, kennysheep_cross_room,
          uniq_eustachio

Skill      XL: |  1  2  3  4  5  6  7 |
---------------+----------------------+-----
Dodging        | 2 3 |  3.0
Fighting       | 2 3 |  3.1
Unarmed Combat | 4 5 |  5.1
Transmutations | 3 4 |  4.2
Poison Magic   | 1 2 |  2.4
Ice Magic      | 1 2 |  2.3
Spellcasting   | |  2.4

Action                   |  1- 3 |  4- 6 |  7- 9 || total
-------------------------+-------+-------+-------++-------
Melee: Unarmed           |    73 |    69 |    25 ||   167
       Kick              |    16 |    16 |     9 ||    41
       Tailslap          |     7 |    10 |     4 ||    21
       Headbutt          |     9 |    13 |     7 ||    29
 Cast: Beastly Appendage |    22 |    23 |     5 ||    50
       Spider Form       |     1 |     1 |       ||     2
 Abil: End Transformatio |     1 |       |       ||     1
Armor: Skin              |    23 |    15 |    14 ||    52
Dodge: Dodged            |    41 |    39 |    22 ||   102

Table legend: (Time is in decaauts)
 A = Elapsed time spent in this place.
 B = Non-inter-level travel time spent in this place.
 C = Inter-level travel time spent in this place.
 D = Time resting spent in this place.
 E = Time spent auto-exploring this place.
 F = Levels seen in this place.
 G = Mean time per level.
                   A        B        C        D        E       F      G
               +--------+--------+--------+--------+--------+-----+--------+
         Total |   3228 |   3099 |    129 |     62 |   2256 |   6 |  538.0 |
       Dungeon |   3228 |   3099 |    129 |     62 |   2256 |   6 |  538.0 |
               +--------+--------+--------+--------+--------+-----+--------+

Top non-repeatable levels by time:
     D:3: 866 daAuts
     D:1: 843 daAuts
     D:2: 662 daAuts
     D:5: 482 daAuts
     D:6: 245 daAuts
     D:4: 127 daAuts
